 Dungeon Crawl Stone Soup version 0.18.1-48-g4cf74bf (webtiles) character file.

108 nikopol the Chopper (level 4, -1/41 HPs)
             Began as a Minotaur Berserker on Aug 13, 2016.
             Was a Believer of Trog.
             Slain by an adder (3 damage)
             ... while paralysed by Grinder
             ... on level 3 of the Dungeon.
             The game lasted 00:02:32 (1305 turns).

nikopol the Chopper (Minotaur Berserker)            Turns: 1305, Time: 00:02:33

Health: -1/41      AC:  5    Str: 21    XL:     4   Next: 58%
Magic:  3/3        EV:  2    Int:  4    God:    Trog [**....]
Gold:   79         SH:  0    Dex: 11    Spells: 0 memorised, 3 levels left

rFire  . . .     SeeInvis .     a - +0 hand axe
rCold  . . .     Gourm    .     i - +0 ring mail
rNeg   . . .     Faith    .     (no shield)
rPois  .         Spirit   .     (helmet restricted)
rElec  .         Dismiss  .     (no cloak)
rCorr  .         Reflect  .     (no gloves)
SustAt .         Harm     .     (no boots)
MR     .....                    (no amulet)
Stlth  +.........               (no ring)
                                (no ring)

@: paralysed, exhausted, slowed, not resistant to hostile enchantments, very
unstealthy
A: retaliatory headbutt, horns 2
a: Berserk, Trog's Hand, Burn Spellbooks, Renounce Religion


You were on level 3 of the Dungeon.
You worshipped Trog.
Trog was pleased with you.
You were very hungry.

You visited 1 branch of the dungeon, and saw 3 of its levels.

You collected 79 gold pieces.

Inventory:

Hand Weapons
 a - a +0 hand axe (weapon)
Armour
 b - a +0 animal skin
 i - a +0 ring mail (worn)
 j - a cursed +0 leather armour
 p - a +0 scale mail
Jewellery
 n - a cursed ring of stealth {unknown}
 q - an uncursed ring of sustain attributes {unknown}
 r - a +4 ring of slaying {unknown}
Scrolls
 d - 2 scrolls of remove curse {unknown}
 e - a scroll of enchant armour {unknown}
 f - a scroll of amnesia {unknown}
 g - 2 scrolls of enchant weapon {unknown}
 l - a scroll of identify {unknown}
Potions
 h - 2 potions of haste {unknown}
 k - a potion of curing {unknown}
 o - a potion of heal wounds {unknown}
Comestibles
 c - a bread ration
 m - a chunk of flesh


   Skills:
 + Level 4.4 Fighting
 + Level 4.8 Axes
 + Level 3.3 Armour
 + Level 3.1 Dodging


You had 3 spell levels left.
You didn't know any spells.

Dungeon Overview and Level Annotations

Branches:
Dungeon (3/15)

Altars:
Okawaru

Annotations:
D:3 Grinder


Innate Abilities, Weirdness & Mutations

You reflexively headbutt those who attack you in melee.
You have a pair of horns on your head.


Message History

a club; a hobgoblin corpse No target in view!
No target in view!
You feel a strong urge to attack something.
An adder comes into view.
You feel your anger subside.
You are no longer berserk.
You are exhausted.
You feel yourself slow down.
You are feeling very hungry.
You see here a dart slug corpse.
Grinder blinks!
Grinder gestures at you.
You suddenly lose the ability to move!
Grinder gestures at you. Pain shoots through your body!
* * * LOW HITPOINT WARNING * * *
The adder bites you.
* * * LOW HITPOINT WARNING * * *
The adder bites you.
You die...

.....................
.................####
.............###.#
..............# .#
..............# .#
.........=....# .#
........$.....#
..............#
...........S@.#
.....§.....5..#
........†.....#
!.............#
.......)))....#
..............#
.....?........#
.........>....?.
..............###


You could see Grinder and an adder.

Vanquished Creatures
  An orc wizard (D:3)
  2 adders
  A dart slug (D:3)
  A worm (D:2)
  A giant gecko (D:2)
  3 orcs (D:3)
  2 giant cockroaches
  10 hobgoblins
  9 bats
  A giant newt (D:2)
  5 goblins
  11 kobolds
  7 rats
54 creatures vanquished.

Notes
Turn   | Place    | Note
--------------------------------------------------------------
     0 | D:1      | nikopol the Minotaur Berserker began the quest for the Orb.
     0 | D:1      | Reached XP level 1. HP: 19/19 MP: 0/0
   135 | D:1      | Reached XP level 2. HP: 21/27 MP: 1/1
   314 | D:1      | Reached ** piety under Trog
   676 | D:2      | Reached XP level 3. HP: 33/33 MP: 2/2
  1256 | D:3      | Reached XP level 4. HP: 33/40 MP: 3/3
  1281 | D:3      | Noticed Grinder
  1284 | D:3      | Paralysed by Grinder for 4 turns
  1296 | D:3      | Found an iron altar of Okawaru.
  1303 | D:3      | Paralysed by Grinder for 3 turns
  1304 | D:3      | HP: 2/41 [adder (4)]
  1305 | D:3      | Slain by an adder

Skill      XL: |  1  2  3  4 |
---------------+-------------+-----
Axes           | 4 |  4.8
Fighting       | 4 |  4.4
Armour         | 3 |  3.3
Dodging        | 3 |  3.1

Action                   |  1- 3 |  4- 6 || total
-------------------------+-------+-------++-------
Melee: Hand axe          |    87 |    12 ||    99
       Headbutt          |     9 |     2 ||    11
Invok: Berserk           |     1 |     1 ||     2
  Eat: Chunk             |     2 |       ||     2
Armor: Animal skin       |     5 |       ||     5
       Ring mail         |    20 |     1 ||    21
Dodge: Dodged            |    56 |     8 ||    64
